 Dungeon Crawl Stone Soup version 0.21.0-24-g2553a33 (webtiles) character file.

37 Larett the Sneak (level 3, 0/21 HPs)
             Began as a Halfling Necromancer on Jan 20, 2018.
             Slain by an adder (3 damage)
             ... on level 1 of the Dungeon.
             The game lasted 00:03:32 (1223 turns).

Larett the Sneak (Halfling Necromancer)             Turns: 1223, Time: 00:03:32

Health: 0/21       AC:  2    Str:  9    XL:     3   Next: 62%
Magic:  5/5        EV: 15    Int: 13    God:
Gold:   43         SH:  0    Dex: 15    Spells: 4/5 levels left

rFire    . . .     SeeInvis .   a - +0 dagger
rCold    . . .     Gourm    .   (shield restricted)
rNeg     . . .     Faith    .   d - +0 robe
rPois    .         Spirit   .   (no helmet)
rElec    .         Reflect  .   (no cloak)
rCorr    .         Harm     .   (no gloves)
MR       .....                  (no boots)
Stlth    +++.......             (no amulet)
HPRegen  0.07/turn              (no ring)
MPRegen  0.09/turn              (no ring)

@: lethally poisoned (0 -> -3)
A: small, mutation resistance 1
a: no special abilities


You were on level 1 of the Dungeon.
You were not hungry.

You visited 1 branch of the dungeon, and saw 2 of its levels.

You collected 43 gold pieces.

Inventory:

Hand Weapons
 a - a +0 dagger (weapon)
 b - a +0 hunting sling
Missiles
 e - 56 stones (quivered)
 m - 18 bolts
Armour
 d - a +0 robe (worn)
 f - a +0 chain mail
Scrolls
 g - 2 scrolls of identify {unknown}
 j - a scroll of remove curse {unknown}
 k - a scroll of enchant armour {unknown}
Potions
 l - a potion of invisibility {unknown}
 n - a potion of agility {unknown}
 o - 2 potions of curing {unknown}
Books
 i - a book of Necromancy

   Spells                             Type                      Level
   a - Pain                           Necromancy                   1
   b - Animate Skeleton               Necromancy                   1
   c - Vampiric Draining              Necromancy                   3
   d - Regeneration                   Charms/Necromancy            3
   e - Animate Dead                   Necromancy                   4
   f - Borgnjor's Vile Clutch         Necromancy/Earth             5
Comestibles
 c - 2 rations


   Skills:
 - Level 2.1 Dodging
 + Level 4.4 Stealth
 - Level 1.5 Spellcasting
 - Level 3.2 Necromancy


You had 4 spell levels left.
You knew the following spells:

 Your Spells              Type           Power        Failure   Level  Hunger
a - Pain                  Necr           #...         7%          1    ##.....


Dungeon Overview and Level Annotations

Branches:
Dungeon (2/15)

Altars:


Innate Abilities, Weirdness & Mutations

You are small and have problems with some larger weapons.
You are somewhat resistant to further mutation.


Message History

* * * LOW HITPOINT WARNING * * *
You are poisoned.
The adder poisons you!
You feel sick.
There is a stone staircase leading up here.
The adder barely misses you. The adder bites you but does no damage.
You climb upwards.
You feel sick.
There is a stone staircase leading down here.
You hit the adder.
The adder is almost dead.
The adder barely misses you.
You closely miss the adder.
The adder is almost dead.
The adder bites you.
* * * LOW HITPOINT WARNING * * *
You closely miss the adder.
The adder is almost dead.
* * * LOW HITPOINT WARNING * * *
You feel sick. The adder bites you.
You die...

#.########## #..........#
#.########.# #.# #.# #.# #.# #.#
######.# #.###....#.#
#.#.'..)...######################
#.#.#...........@...............#
#.#.#....#.#####S####...........#
#.#.#....#.#...#.# #............
#.#.#....#.#.#.#.# #..........#.
#.#.#....#.#.#.#.# #..........#.
#.#.#....#.#.#.#.####..........#.
#..........#.#.#...............'.
###.########.#.#.#.............##
#.# #.......#.#.............##


You could see an adder.

Vanquished Creatures
  An adder (D:2)
  A worm (D:2)
  A leopard gecko (D:1)
  4 goblins (D:1)
  8 bats (D:1)
  5 kobolds
  6 rats (D:1)
26 creatures vanquished.

Notes
Turn   | Place    | Note
-------+----------+-------------------------------------------
     0 | D:1      | Larett the Halfling Necromancer began the quest for the Orb.
     0 | D:1      | Reached XP level 1. HP: 11/11 MP: 3/3
   195 | D:1      | Reached skill level 3 in Stealth
   195 | D:1      | Reached XP level 2. HP: 13/17 MP: 0/4
   729 | D:1      | Reached XP level 3. HP: 21/21 MP: 5/5
  1009 | D:1      | Reached skill level 4 in Stealth
  1223 | D:1      | HP: 3/21 [poisoned by an adder]
  1223 | D:1      | Slain by an adder

Skill      XL: |  1  2  3 |
---------------+----------+-----
Stealth        | 3 4 |  4.4
Dodging        | |  2.1
Spellcasting   | |  1.5
Necromancy     | |  3.2

Action                   || total
-------------------------++-------
Melee: Dagger            ||    47
 Fire: Hunting sling     ||    43
 Cast: Pain              ||     7
 Stab: Sleeping          ||     3
  Eat: Chunk             ||     1
Armor: Robe              ||    12
Dodge: Dodged            ||    68
